 Dungeon Crawl Stone Soup version 0.13.1-17-g0f9d4ff (webtiles) character file.

1086 Kae the Carver (level 7, -9/57 HPs)
             Began as a Minotaur Chaos Knight on Dec 17, 2013.
             Was a Plaything of Xom.
             Killed from afar by a phantom (22 damage)
             ... with an exploding inner flame
             ... hexed by Xom
             ... on Level 5 of the Dungeon.
             The game lasted 00:08:35 (3581 turns).

Kae the Carver (Minotaur Chaos Knight)              Turns: 3581, Time: 00:08:36

HP  -9/57        AC 12     Str 18      XL: 7   Next: 76%
MP   3/3         EV  5     Int  9      God: Xom
Gold 202         SH 26     Dex 11 (12) Spells:  1 memorised,  4 levels left

Res.Fire  : + . .   See Invis. : .   a - +0 falchion (chaos)
Res.Cold  : . . .   Warding    : .   t - +2 ring mail {rF+}
Life Prot.: . . .   Conserve   : .   K - +0 large shield
Res.Poison: .       Res.Corr.  : .   (helmet unavailable)
Res.Elec. : .       Clarity    : .   z - +2 cloak {darkness}
Sust.Abil.: . .     Spirit.Shd : .   h - +0 pair of orc gloves
Res.Mut.  : .       Stasis     : .   (no boots)
Res.Rott. : .       Flight     : .   L - amulet of faith
Saprovore : . . .                    (no ring)
                                     i - ring of wizardry

@: slightly resistant to hostile enchantments, extremely unstealthy
A: retaliatory headbutt, horns 3, blink 1, AC +1, Dex +2
a: Blink, Renounce Religion, Evoke Invisibility


You were on level 5 of the Dungeon.
You worshipped Xom.
You were a beloved toy of Xom.
You were hungry.

You visited 1 branch of the dungeon, and saw 5 of its levels.

You collected 182 gold pieces.

Inventory:

Hand weapons
 a - a +0,+0 falchion of chaos (weapon)
Missiles
 u - 13 arrows of flame
Armour
 b - a +2 leather armour
 h - a +0 pair of orcish gloves (worn)
 t - a +2 ring mail of fire resistance (worn)
 z - a +2 cloak of darkness (worn)
 K - a +0 large shield (worn)
Magical devices
 q - a wand of frost (4)
 x - a wand of slowing (6) {unknown}
Comestibles
 c - a bread ration
 g - 2 pears
 o - 3 apples
 C - a honeycomb
 D - 14 strawberries
 J - 2 chunks of hobgoblin flesh
Scrolls
 d - 2 scrolls of remove curse
 f - a scroll of curse jewellery {unknown}
 k - 2 scrolls of recharging {unknown}
 l - a scroll of enchant weapon II {unknown}
 m - 2 scrolls of identify {unknown}
 s - 3 scrolls of teleportation {unknown}
 v - 4 scrolls of enchant weapon I {unknown}
 w - 2 scrolls of curse weapon {unknown}
Jewellery
 i - a ring of wizardry (left hand)
 E - an uncursed amulet of conservation {unknown}
 L - an amulet of faith (around neck)
Potions
 e - 2 potions of heal wounds
 n - 2 potions of speed {unknown}
 p - 2 potions of might {unknown}
 r - 2 potions of curing {unknown}
 A - a potion of restore abilities {unknown}
 F - a potion of invisibility {unknown}
 G - a potion of flight {unknown}
 I - a potion of poison {unknown}
 M - a potion of experience {unknown}
Books
 B - a book of Minor Magic

   Spells                             Type                      Level
   Magic Dart                         Conjuration                  1
   *Blink                             Translocation                2
   Call Imp                           Summoning                    2
   Repel Missiles                     Charms/Air                   2
   Slow                               Hexes                        2
   Conjure Flame                      Conjuration/Fire             3
   Mephitic Cloud                     Conjuration/Poison/Air       3
 H - Xom's Compendium of Forced Transition
   (Xom gifted it to you on level 4 of the Dungeon)

   Spells                             Type                      Level
   Call Imp                           Summoning                    2
   Ozocubu's Armour                   Charms/Ice                   3
   Summon Scorpions                   Summoning/Poison             4
   Summon Demon                       Summoning                    5
   Metabolic Englaciation             Hexes/Ice                    6
Miscellaneous
 y - a stone of tremors


   Skills:
 - Level 3.6 Fighting
 * Level 10.7 Long Blades
 - Level 2.4 Armour
 - Level 1.1 Dodging
 + Level 2.6 Shields


You had 4 spell levels left.
You knew the following spells:

 Your Spells              Type           Power        Failure   Level  Hunger
a - Blink                 Tloc           N/A          100%        2    ###....


Dungeon Overview and Level Annotations

Branches:
Dungeon (5/27)
 Temple: D:4-7

Altars:
Fedhas
Sif Muna
Trog


Innate Abilities, Weirdness & Mutations

You reflexively headbutt those who attack you in melee.
You have a pair of large horns on your head.
You are partially covered in icy blue scales (AC +1).
You are agile. (Dex +2)
You can translocate small distances at will.


Message History

You block the phantom's attack.
The giant cockroach bites you but does no damage.
The adder bites you but does no damage.
Unknown command.
You closely miss the giant cockroach. You headbutt the giant cockroach.
The giant cockroach explodes!
The fiery explosion engulfs you! You resist.
The fiery explosion engulfs the phantom.
The fiery explosion engulfs the centaur.
The centaur explodes!
The fiery explosion engulfs the adder.
The adder explodes!
The fiery explosion engulfs you! You resist.
One of your 3 scrolls of remove curse catches fire!
Your scroll labeled NAESHAVINE catches fire!
* * * LOW HITPOINT WARNING * * *
The fiery explosion engulfs the phantom.
The phantom explodes!
The fiery explosion engulfs you! You resist.
You die...

###### #....#
#...§### #.§§§§#
#.@§§.##
###§§..#### ###
#o§.....# ....#
###.....##
.......##.o..(...#
#.(.(...#...#
#......## ....
...(....### ...
...#...### .


You could see an orc.

Vanquished Creatures
  The ghost of Zapata the Cutter, an average KoBe of Trog (D:3)
  Eustachio (D:4)
  2 ogres (D:4)
  A tengu (shapeshifter) (D:4)
  Sigmund (D:2)
  2 crimson imps (D:4)
  A hound (D:4)
  Crazy Yiuf (D:2)
  2 worker ants (D:4)
  An orc wizard (D:4)
  A quasit (D:4)
  4 gnolls
  2 shadow imps
  A worm (D:4)
  An ooze (D:3)
  3 orcs (D:4)
  A bat zombie (D:2)
  6 goblins
  6 hobgoblins
  4 jackals (D:4)
  7 kobolds
  2 quokkas
  A ball python (D:4)
  7 bats
  4 giant cockroaches
  6 giant geckos
  A giant gecko skeleton (D:5)
  3 giant newts
  A giant newt skeleton (D:4)
  2 goblin skeletons (D:4)
  8 rats
84 creatures vanquished.

Vanquished Creatures (collateral kills)
  A shadow imp (D:4)
1 creature vanquished.

Grand Total: 85 creatures vanquished

Notes
Turn   | Place    | Note
--------------------------------------------------------------
     0 | D:1      | Kae, the Minotaur Chaos Knight, began the quest for the Orb.
     0 | D:1      | Reached XP level 1. HP: 17/17 MP: 1/1
   221 | D:1      | XOM: divination: magic mapping
   240 | D:1      | Reached skill level 4 in Long Blades
   270 | D:1      | XOM: divination: detect creatures
   336 | D:1      | Reached XP level 2. HP: 22/24 MP: 1/1
   474 | D:1      | XOM: summons 1 hostile demon
   573 | D:1      | XOM: harmless Ice miscast
   600 | D:1      | Reached skill level 5 in Long Blades
   732 | D:1      | XOM: mild Pois miscast
   967 | D:2      | Reached XP level 3. HP: 27/30 MP: 2/2
   986 | D:2      | XOM: medium Hex miscast
  1017 | D:2      | XOM: vitrification
  1036 | D:2      | XOM: god gift: runed ring mail {god gift}
  1050 | D:2      | XOM: god gift: 13 arrows of flame
  1316 | D:2      | Noticed Sigmund
  1327 | D:2      | XOM: swap monsters
  1333 | D:2      | Killed Sigmund
  1333 | D:2      | Reached skill level 6 in Long Blades
  1333 | D:2      | Reached XP level 4. HP: 13/37 MP: 2/2
  1388 | D:2      | XOM: god gift: stone of tremors
  1501 | D:2      | XOM: swap monsters
  1536 | D:2      | XOM: cast spell 'Flight'
  1568 | D:2      | Noticed Crazy Yiuf
  1574 | D:2      | Killed Crazy Yiuf
  1574 | D:2      | Reached XP level 5. HP: 40/44 MP: 2/2
  1636 | D:2      | Reached skill level 7 in Long Blades
  1830 | D:3      | XOM: medium Fire miscast
  1861 | D:3      | XOM: silly message
  1882 | D:3      | Noticed Zapata's ghost (average KoBe)
  1890 | D:3      | XOM: inner flame monster(s)
  1891 | D:3      | XOM: inner flame monster(s)
  1907 | D:3      | Killed Zapata's ghost
  1907 | D:3      | Reached skill level 8 in Long Blades
  1907 | D:3      | Reached XP level 6. HP: 18/50 MP: 3/3
  2311 | D:3      | XOM: god gift: scroll labeled AHEORE SEELI
  2485 | D:4      | Reached skill level 9 in Long Blades
  2539 | D:4      | XOM: god gift: graven book {god gift}
  2542 | D:4      | Identified Xom's Compendium of Forced Transition (Xom gifted it to you on level 4 of the Dungeon)
  2550 | D:4      | Learned a level 2 spell: Blink
  2684 | D:4      | XOM: give mutation
  2684 | D:4      | Gained mutation: You have a pair of large horns on your head. [Xom's grace]
  2685 | D:4      | XOM: give mutations
  2685 | D:4      | Gained mutation: You are partially covered in icy blue scales (AC +1). [Xom's grace]
  2685 | D:4      | Gained mutation: You are agile. (Dex +2) [Xom's grace]
  2685 | D:4      | Gained mutation: You can translocate small distances at will. [Xom's grace]
  2735 | D:4      | Reached XP level 7. HP: 36/57 MP: 3/3
  2763 | D:4      | XOM: polymorph ogre -> tengu
  2768 | D:4      | Reached skill level 10 in Long Blades
  2768 | D:4      | Reached skill level 1 in Shields
  2777 | D:4      | XOM: god gift: dwarven flail {god gift}
  3065 | D:4      | Found a bloodstained altar of Trog.
  3099 | D:4      | Noticed Eustachio
  3107 | D:4      | XOM: divination: detect creatures
  3109 | D:4      | XOM: summons friendly crimson imp
  3118 | D:4      | XOM: harmless Necr miscast
  3119 | D:4      | Killed Eustachio
  3342 | D:4      | XOM: colour smoke trail
  3361 | D:4      | Found a blossoming altar of Fedhas.
  3362 | D:4      | Found a deep blue altar of Sif Muna.
  3448 | D:4      | XOM: vitrification
  3456 | D:4      | XOM: vitrification
  3539 | D:5      | Entered Level 5 of the Dungeon
  3561 | D:5      | XOM: 6-stop teleportation journey
  3564 | D:5      | XOM: snakes to sticks
  3575 | D:5      | XOM: divination: detect creatures
  3578 | D:5      | XOM: polymorph orc -> adder
  3580 | D:5      | XOM: inner flame monster(s)
  3581 | D:5      | Killed from afar by a phantom

Action                   |  1- 3 |  4- 6 |  7- 9 || total
-------------------------+-------+-------+-------++-------
Melee: Falchion          |    61 |   106 |    84 ||   251
Evoke: Wand              |     7 |       |       ||     7
  Use: Scroll            |     1 |       |       ||     1
       Potion            |       |       |     1 ||     1
 Stab: Paralysed         |       |     4 |     1 ||     5
